 Dungeon Crawl Stone Soup version 0.26.1-11-gd32895ea62 (webtiles) character file.

Game seed: 14582692319530278636

210 Almogavar the Stinger (level 5, -1/28 HPs)
             Began as a Deep Elf Venom Mage on May 6, 2021.
             Killed by divine providence
             ... invoked by an orc priest
              (11 damage)
             ... on level 3 of the Dungeon.
             The game lasted 00:10:20 (3036 turns).

Almogavar the Stinger (Deep Elf Venom Mage)         Turns: 3036, Time: 00:10:21

Health: -1/28      AC:  2    Str:  5    XL:     5   Next: 57%
Magic:  0/14       EV: 13    Int: 21    God:
Gold:   28         SH:  0    Dex: 15    Spells: 8/14 levels left

rFire    + . .     SeeInvis .   b - +0 dagger
rCold    + . .     Faith    .   (no shield)
rNeg     . . .     Spirit   .   a - +0 robe
rPois    .         Reflect  .   (no helmet)
rElec    .         Harm     .   d - scarf {rC+ rF+}
rCorr    .         Rampage  .   (no gloves)
Will     .....                  (no boots)
Stlth    ++........             (no amulet)
HPRegen  0.09/turn              (no ring)
MPRegen  0.14/turn              (no ring)

@: no status effects
A: no striking features
a: no special abilities


You were on level 3 of the Dungeon.
You visited 1 branch of the dungeon, and saw 3 of its levels.

You collected 28 gold pieces.

Inventory:

Hand Weapons
 b - a +0 dagger (weapon)
Armour
 a - a +0 robe (worn)
 d - a scarf of resistance (worn)
 e - a +0 ring mail
 i - a +0 leather armour
Scrolls
 c - a scroll of remove curse
 f - a scroll of enchant armour
 g - 3 scrolls of fog
 h - 2 scrolls of random uselessness {unknown}
 l - a scroll of enchant weapon {unknown}
 m - 3 scrolls of fear {unknown}
 p - a scroll of teleportation {unknown}
Potions
 j - 2 potions of curing
 k - 2 potions of might {unknown}
 n - a potion of attraction {unknown}
 o - a potion of brilliance {unknown}
 q - a potion of haste {unknown}


   Skills:
 + Level 0.1 Fighting
 * Level 0.2 Armour
 + Level 2.6 Dodging
 + Level 2.5 Stealth
 + Level 5.2 Spellcasting
 + Level 2.0 Transmutations
 + Level 0.1 Fire Magic
 + Level 0.4 Air Magic
 + Level 5.3 Poison Magic


You had 8 spell levels left.
You knew the following spells:

 Your Spells              Type           Power        Failure   Level
a - Sting                 Tmut/Pois      84%          2%          1
b - Poisonous Vapours     Pois/Air       34%          4%          2
c - Ignite Poison         Fire/Tmut/Pois 16%          12%         3

Your spell library contained the following spells:

 Spells                   Type           Power        Failure   Level
 Olgreb's Toxic Radiance  Pois           27%          12%         4
 Mephitic Cloud           Conj/Pois/Air  13%          14%         3


Dungeon Overview and Level Annotations

Branches:
Dungeon (3/15)

Altars:


Message History

Confirm with . or Enter, or press ? or * to list all spells.
Aiming: Sting (safe; 2% risk of failure)
Press: ? - help, Shift-Dir - straight line, f/p - orc priest
Aim: an orc priest, wielding a +0 club (moderately wounded, poisoned, 24% to evade)
The sting hits the orc priest.
The orc priest looks even sicker.
The orc priest is moderately wounded.
You hit the orc priest.
The orc priest is moderately wounded.
The orc priest hits you with a +0 club.
You hit the orc priest but do no damage.
The orc priest is moderately wounded.
The orc priest hits you with a +0 club.
You hit the orc priest.
The orc priest is heavily wounded.
The orc priest misses you.
You barely miss the orc priest.
The orc priest is heavily wounded.
The orc priest calls down the wrath of Beogh upon you.
Beogh smites you!
You die...

#+ #.# ... #.# .$.o
#.##### ..[o.
##......
......####...########
......)..............
......####†[.....##
..... ##......# ....
##[o@..# ... #.....#
#+ #.>...# ###.###
#.# #.# #.# #<#
#..#######.#


You could see an orc priest (very poisoned).

Vanquished Creatures
  A howler monkey (D:2)
  Natasha (thrice) (D:2)
  3 adders (D:2)
  2 worms
  3 dart slugs
  3 leopard geckos
  3 orcs (D:3)
  2 giant cockroaches (D:2)
  12 goblins
  8 hobgoblins
  2 kobolds
  A ball python (D:2)
  6 bats
  4 frilled lizards
  8 rats
61 creatures vanquished.

Vanquished Creatures (others)
  A goblin (D:3)
1 creature vanquished.

Grand Total: 62 creatures vanquished

Notes
Turn   | Place    | Note
-------+----------+-------------------------------------------
     0 | D:1      | Almogavar the Deep Elf Venom Mage began the quest for the
                  | Orb.
     0 | D:1      | Reached XP level 1. HP: 10/10 MP: 6/6
   294 | D:1      | Reached XP level 2. HP: 15/15 MP: 4/8
   540 | D:1      | Learned a level 2 spell: Poisonous Vapours
   787 | D:1      | Reached XP level 3. HP: 18/19 MP: 6/10
  1468 | D:2      | Noticed Natasha
  1472 | D:2      | Killed Natasha
  1473 | D:2      | Reached XP level 4. HP: 24/24 MP: 4/12
  1477 | D:2      | Learned a level 3 spell: Ignite Poison
  1616 | D:2      | Noticed Natasha
  1621 | D:2      | Killed Natasha
  1707 | D:2      | Reached skill level 5 in Poison Magic
  2054 | D:2      | Noticed Natasha
  2060 | D:2      | Killed Natasha
  2061 | D:2      | Reached XP level 5. HP: 14/28 MP: 2/14
  2586 | D:2      | Reached skill level 5 in Spellcasting
  3036 | D:3      | Killed from afar by an orc priest

Illustrated notes

Levels and vault maps discovered:
D:1:      lemuel_arrival_rhombus, layout_loops_ring
D:2:      layout_basic, kennysheep_generic_room_3, uniq_natasha
D:3:      layout_loops_corners, elyvilon_altar_4, uniq_crazy_yiuf_cottage

Skill      XL: |  1  2  3  4  5 |
---------------+----------------+-----
Poison Magic   | 4 5 |  5.3
Spellcasting   | 4 5 |  5.2
Transmutations | 2 |  2.0
Fighting       | |  0.1
Armour         | |  0.2
Dodging        | |  2.6
Stealth        | |  2.5
Fire Magic     | |  0.1
Air Magic      | |  0.4

Action                   |  1- 3 |  4- 6 || total
-------------------------+-------+-------++-------
Melee: Dagger            |    17 |    16 ||    33
 Cast: Sting             |    49 |    35 ||    84
       Poisonous Vapours |     4 |    21 ||    25
       Ignite Poison     |       |     2 ||     2
  Use: Scroll            |       |     4 ||     4
Armor: Robe              |     9 |     2 ||    11
Dodge: Dodged            |     9 |    10 ||    19
